 Dungeon Crawl Stone Soup version 0.26-a0-774-g1415c89e12 (webtiles) character file.

Game seed: 15646933454099682300

22 Bliebski the Insei (level 2, 0/18 HPs)
             Began as an Octopode Transmuter on Nov 9, 2020.
             Slain by a kobold
             ... wielding a +0 short sword
              (5 damage)
             ... on level 1 of the Dungeon.
             The game lasted 00:01:48 (602 turns).

Bliebski the Insei (Octopode Transmuter)             Turns: 602, Time: 00:01:49

Health: 0/18       AC:  1    Str:  9    XL:     2   Next: 91%
Magic:  4/5        EV: 13    Int: 15    God:
Gold:   25         SH:  0    Dex: 12    Spells: 4/5 levels left

rFire    . . .     SeeInvis .   d - -2 spear (curse)
rCold    . . .     Faith    .   (no shield)
rNeg     . . .     Spirit   .   (helmet currently unavailable)
rPois    .         Reflect  .   (no amulet)
rElec    .         Harm     .   (no ring)
rCorr    .         Rampage  .   (no ring)
MR       .....                  (no ring)
Stlth    ++........             (no ring)
HPRegen  0.06/turn              (no ring)
MPRegen  0.09/turn              (no ring)
                                (no ring)
                                (no ring)

@: appendages (expiring), lightly drained
A: almost no armour, stealthy swim, amphibious, 8 rings, constrict 8, tentacle
spike 3, camouflage 1, gelatinous body 1
a: End Transformation


You were on level 1 of the Dungeon.
One of your tentacles had a temporary spike.
You visited 1 branch of the dungeon, and saw 1 of its levels.

You collected 25 gold pieces.

Inventory:

Hand Weapons
 b - a +1 dagger of draining
 d - a cursed -2 spear (weapon)
Scrolls
 a - a scroll of blinking {unknown}
Potions
 c - a potion of flight {unknown}


   Skills:
 + Level 1.4(1.1) Fighting
 + Level 2.3(1.9) Dodging
 + Level 3.2(2.8) Unarmed Combat
 + Level 2.2(1.9) Spellcasting
 + Level 2.2(1.9) Transmutations


You had 4 spell levels left.
You knew the following spells:

 Your Spells              Type           Power        Failure   Level
a - Beastly Appendage     Tmut           #.....       10%         1

Your spell library contained the following spells:

 Spells                   Type           Power        Failure   Level
 Wereblood                Tmut           #.......     16%         2
 Spider Form              Tmut/Pois      #.........   41%         3
 Ice Form                 Ice/Tmut       #.......     83%         4
 Blade Hands              Tmut           #.........   95%         5


Dungeon Overview and Level Annotations

Branches:
Dungeon (1/15)

Altars:


Innate Abilities, Weirdness & Mutations

You cannot wear most types of armour.
You are very stealthy in the water. (Stealth+)
You are amphibious.
You can wear up to eight rings at the same time.
You can use your tentacles to constrict eight enemies at once.
Your skin changes colour to match your surroundings (Stealth+).
Your rubbery body absorbs attacks. (AC +1, EV +1)
One of your tentacles bears a large vicious spike.


Message History

Aim: a kobold, wielding a +0 short sword
Okay, then.
Unknown command.
Firing (i - inventory) No suitable missiles.
Press: ? - help, Shift-Dir - straight line, f/p - kobold
Aim: a kobold, wielding a +0 short sword
Okay, then.
You are too injured to fight recklessly!
Firing (i - inventory) No suitable missiles.
Press: ? - help, Shift-Dir - straight line, f/p - kobold
Aim: a kobold, wielding a +0 short sword
Okay, then.
Unknown command.
You are too injured to fight recklessly!
You are too injured to fight recklessly!
Unknown command.
You are too injured to fight recklessly!
Your transformation is almost over.
The kobold hits you with a +0 short sword.
You die...

....... #...... #.....#
#(.. #....[# #...#
####.....# #...#
.......†.###### #...#
.....#.#......######...##
.....#.#)####.#..........
.......#@#..............†
.......#K#.##g#.....[....
...(.....#.##.# ####...##
.......#......# #.#.##
###.#..#...#..# #. ##.#
#.#.....###.# ##.#...
#.........#..## #...##
#..###...†....# #..# #
#........#.##.# #....#


You could see a kobold.

Vanquished Creatures
  3 bats (D:1)
  3 goblins (D:1)
  7 jackals (D:1)
  3 frilled lizards (D:1)
  3 kobolds (D:1)
  A rat (D:1)
20 creatures vanquished.

Notes
Turn   | Place    | Note
-------+----------+-------------------------------------------
     0 | D:1      | Bliebski the Octopode Transmuter began the quest for the
                  | Orb.
     0 | D:1      | Reached XP level 1. HP: 13/13 MP: 3/3
   107 | D:1      | Reached XP level 2. HP: 18/18 MP: 3/5
   602 | D:1      | Slain by a kobold

Illustrated notes

Levels and vault maps discovered:
D:1:      lightli_arrival_chessboard, layout_loops_cross, nrook_mini_vaults

Action                   || total
-------------------------++-------
Melee: Unarmed           ||    26
       Constrict         ||    12
       Tentacles         ||     4
       Spear             ||    24
       Kick              ||     9
Throw: Stone             ||     1
 Cast: Beastly Appendage ||    11
 Stab: Sleeping          ||     2
Armor: Skin              ||     4
Dodge: Dodged            ||    35

Table legend: (Time is in decaauts)
 A = Elapsed time spent in this place.
 B = Non-inter-level travel time spent in this place.
 C = Inter-level travel time spent in this place.
 D = Time resting spent in this place.
 E = Time spent auto-exploring this place.
 F = Levels seen in this place.
 G = Mean time per level.
                   A        B        C        D        E       F      G
               +--------+--------+--------+--------+--------+-----+--------+
         Total |    602 |    602 |      0 |     30 |    451 |   1 |  602.0 |
       Dungeon |    602 |    602 |      0 |     30 |    451 |   1 |  602.0 |
               +--------+--------+--------+--------+--------+-----+--------+

Top non-repeatable levels by time:
     D:1: 602 daAuts
